 Dungeon Crawl Stone Soup version 0.29-a0-821-g66395355a5 (webtiles) character file.

Game seed: 8513725420891014054

2991 kevlar127 the Grappler (level 9, -2/93 HPs)
             Began as a Troll Berserker on July 7, 2022.
             Was an Elder of Trog.
             Slain by an eight-headed hydra (8 damage)
             ... on level 7 of the Dungeon.
             The game lasted 00:19:06 (5382 turns).

kevlar127 the Grappler (Troll Berserker)            Turns: 5382, Time: 00:19:07

Health: -2/93      AC:  9    Str: 31    XL:     9   Next: 54%
Magic:  8/8        EV: 10    Int:  3    God:    Trog [****..]
Gold:   70         SH:  0    Dex:  9    Spells: 8/8 levels left

rFire   . . .      SeeInvis .     - Unarmed
rCold   . . .      Faith    .   (no shield)
rNeg    . . .      Spirit   .   I - +0 steam dragon scales
rPois   +          Reflect  .   (helmet restricted)
rElec   .          Harm     .   p - +1 cloak {rPois}
rCorr   .          Rampage  .   (gloves unavailable)
Will    .....                   (boots unavailable)
Stlth   +.........              q - amulet of regeneration
HPRegen 1.85/turn               (no ring)
MPRegen 0.11/turn               (no ring)

@: about to teleport
A: large, unfitting armour, claws 3, regeneration 1, shaggy fur 1, tough skin 1
a: Renounce Religion, Berserk, Trog's Hand, Brothers in Arms


You were on level 7 of the Dungeon.
You worshipped Trog.
Trog was greatly pleased with you.
You visited 1 branch of the dungeon, and saw 7 of its levels.

You collected 369 gold pieces.
You spent 299 gold pieces at shops.

Inventory:

Missiles
 e - 14 poisoned darts (quivered)
 f - 52 stones
 x - 3 boomerangs of dispersal
 y - 5 curare-tipped darts
 z - 2 throwing nets
 C - 4 boomerangs
Armour
 p - a +1 cloak of poison resistance (worn)
 I - +0 steam dragon scales (worn)
Jewellery
 q - an amulet of regeneration (around neck)
Wands
 a - a wand of paralysis (11)
 E - a wand of digging (7)
 F - a wand of acid (13)
 G - a wand of roots (15)
 K - a wand of flame (4)
Scrolls
 b - a scroll of acquirement {unknown}
 h - 7 scrolls of noise
 j - 15 scrolls of identify
 m - a scroll of amnesia {unknown}
 n - 5 scrolls of teleportation
 r - 2 scrolls of enchant armour
 s - 3 scrolls of enchant weapon {unknown}
 t - a scroll of silence {unknown}
 u - 2 scrolls of poison {unknown}
 w - a scroll of immolation {unknown}
 B - a scroll of torment {unknown}
 J - a scroll of blinking {unknown}
Potions
 c - 5 potions of attraction {unknown}
 d - a potion of mutation {unknown}
 g - 4 potions of heal wounds {unknown}
 i - 2 potions of lignification {unknown}
 k - a potion of cancellation {unknown}
 l - 2 potions of might {unknown}
 o - 4 potions of brilliance {unknown}
 v - a potion of invisibility
 A - a potion of curing
 H - a potion of degeneration {unknown}


   Skills:
 + Level 7.2 Fighting
 - Level 5.0 Throwing
 + Level 2.4 Armour
 - Level 3.0 Dodging
 + Level 8.6 Unarmed Combat
 + Level 0.0 Evocations


You had 8 spell levels left.
You didn't know any spells.
Your spell library was empty.

Dungeon Overview and Level Annotations

Branches:
Dungeon (7/15)             Temple (0/1) D:6

Altars:
Ashenzari
Fedhas
Trog
Zin
The Shining One

Shops:
D:5 *?   D:6 (   D:7 *

Annotations:
D:3 3 runed translucent doors, xian's ghost, amateur SpDe


Innate Abilities, Weirdness & Mutations

You are too large for most types of armour.
You have claws for hands.
Your natural rate of healing is unusually fast.
You are covered in fur. (AC +1)
You have tough skin. (AC +1)


Message History

The eight-headed hydra is lightly wounded.
The eight-headed hydra bites you but does no damage.
The eight-headed hydra closely misses you.
The eight-headed hydra bites you but does no damage.
The eight-headed hydra closely misses you.
The eight-headed hydra bites you.
The eight-headed hydra bites you but does no damage.
The eight-headed hydra completely misses you.
The eight-headed hydra bites you but does no damage.
Okay, then.
As you read the scroll labelled NUSITA CYSA, it crumbles to dust.
You hear a loud clanging noise!
It was a scroll of noise.
The eight-headed hydra closely misses you.
The eight-headed hydra barely misses you.
The eight-headed hydra bites you but does no damage.
The eight-headed hydra completely misses you.
The eight-headed hydra bites you!
The eight-headed hydra closely misses you.
The eight-headed hydra bites you! The eight-headed hydra bites you.
* * * LOW HITPOINT WARNING * * *
As you read the scroll of fear, it crumbles to dust.
You assume a fearsome visage.
The eight-headed hydra easily resists.
The eight-headed hydra bites you.
* * * LOW HITPOINT WARNING * * *
The eight-headed hydra barely misses you.
The eight-headed hydra bites you.
* * * LOW HITPOINT WARNING * * *
The eight-headed hydra bites you.
* * * LOW HITPOINT WARNING * * *
The eight-headed hydra completely misses you.
The eight-headed hydra bites you.
* * * LOW HITPOINT WARNING * * *
The eight-headed hydra bites you.
* * * LOW HITPOINT WARNING * * *
The eight-headed hydra bites you.
* * * LOW HITPOINT WARNING * * *
As you read the scroll of teleportation, it crumbles to dust.
You feel strangely unstable. The eight-headed hydra bites you!
You die...

...........##############.#.#....
....................#####.#.#####
.........#.######.........#......
.........#.######.........#######
...........[...##.........#
.......#.......####.#####.#
.....=.........####'### ###
#######)).............# ##
#........[@D....# .#
##..............#
.#######..............#
...........########.....
########...# ######## #...##
##....##### #....# #.####.#[.#
#....# #.# #.#..### #....# #.#
#.###..#


You could see an eight-headed hydra.

Vanquished Creatures
  Eustachio (D:5)
  A steam dragon (D:7)
  Edmund (D:6)
  Duvessa (D:4)
  An ice beast (D:6)
  2 black bears
  An orc warrior (D:6)
  A sky beast (D:6)
  An ogre (D:6)
  3 centaurs
  2 phantoms
  A bullfrog (D:7)
  2 scorpions (D:6)
  3 wights (D:7)
  Dowan (D:4)
  A howler monkey (D:7)
  A lava snake (D:7)
  3 jellies
  3 hounds
  3 orc priests
  A gnoll bouda (D:5)
  Crazy Yiuf (D:2)
  Jessica (D:3)
  6 iguanas
  Terence (D:3)
  5 orc wizards
  16 gnolls
  19 adders
  2 white imps
  2 ufetubi
  2 dart slugs (D:3)
  22 orcs
  3 endoplasms
  5 giant cockroaches
  6 hobgoblins
  6 jackals
  7 kobolds
  2 quokkas (D:4)
  12 ball pythons
  5 bats
  6 frilled lizards
  9 goblins
  8 rats
180 creatures vanquished.

Notes
Turn   | Place    | Note
-------+----------+-------------------------------------------
     0 | D:1      | kevlar127 the Troll Berserker began the quest for the Orb.
     0 | D:1      | Reached XP level 1. HP: 22/22 MP: 0/0
   232 | D:1      | Reached XP level 2. HP: 29/29 MP: 1/1
   555 | D:2      | Reached XP level 3. HP: 37/37 MP: 2/2
   595 | D:2      | Reached ** piety under Trog
   717 | D:2      | Found a faded altar of an unknown god.
   846 | D:2      | Reached skill level 4 in Unarmed Combat
   969 | D:2      | Reached XP level 4. HP: 45/45 MP: 3/3
  1265 | D:2      | Found a runed translucent door.
  1266 | D:2      | Noticed Crazy Yiuf
  1354 | D:2      | You fall into a shaft and drop 1 floor!
  1361 | D:3      | Found a runed translucent gate.
  1361 | D:3      | Found a runed translucent gate.
  1361 | D:3      | Found a runed translucent gate.
  1562 | D:2      | Killed Crazy Yiuf
  1563 | D:2      | Reached XP level 5. HP: 18/54 MP: 1/4
  1640 | D:3      | Noticed Terence
  1644 | D:3      | Killed Terence
  1735 | D:3      | Noticed Jessica
  1740 | D:3      | Killed Jessica
  1741 | D:3      | Reached skill level 5 in Unarmed Combat
  1826 | D:3      | Found a broken altar of Ashenzari.
  1826 | D:3      | Found a bloodstained altar of Trog.
  1958 | D:3      | Reached *** piety under Trog
  2062 | D:3      | Noticed xian's ghost (amateur SpDe)
  2346 | D:4      | Reached XP level 6. HP: 62/62 MP: 5/5
  2420 | D:4      | Found a glowing golden altar of the Shining One.
  2487 | D:4      | Reached skill level 1 in Throwing
  2560 | D:4      | Noticed Duvessa
  2560 | D:4      | Noticed Dowan
  2570 | D:4      | Killed Duvessa
  2578 | D:4      | Killed Dowan
  2677 | D:4      | Found a blossoming altar of Fedhas.
  3019 | D:5      | Entered Level 5 of the Dungeon
  3020 | D:5      | Found Xuishrib's Overcharged Wands.
  3027 | D:5      | Reached XP level 7. HP: 54/71 MP: 6/6
  3389 | D:5      | Reached skill level 5 in Fighting
  3398 | D:5      | Reached skill level 6 in Unarmed Combat
  3449 | D:5      | Noticed Eustachio
  3491 | D:5      | Killed Eustachio
  3634 | D:5      | Reached XP level 8. HP: 62/81 MP: 7/7
  3889 | D:5      | Found Cupp's Magic Scroll Shop.
  3907 | D:5      | Bought a scroll of enchant armour for 97 gold pieces
  3907 | D:5      | Bought a scroll of identify for 26 gold pieces
  3907 | D:5      | Bought a scroll of teleportation for 39 gold pieces
  3990 | D:6      | Reached **** piety under Trog
  4020 | D:6      | Reached skill level 7 in Unarmed Combat
  4062 | D:5      | Bought a scroll of fear for 45 gold pieces
  4121 | D:6      | Found a staircase to the Ecumenical Temple.
  4148 | D:6      | Noticed Edmund
  4156 | D:6      | Killed Edmund
  4269 | D:6      | Reached skill level 5 in Throwing
  4382 | D:6      | Reached XP level 9. HP: 92/92 MP: 8/8
  4395 | D:6      | Found Ogoab's Antique Weapon Boutique.
  4399 | D:6      | Reached skill level 8 in Unarmed Combat
  4432 | D:6      | Reached skill level 1 in Armour
  4769 | D:7      | Paralysed by a wight for 3 turns
  4904 | D:7      | Found a glowing silver altar of Zin.
  5166 | D:7      | Found Kedeaw's Assorted Antiques.
  5174 | D:7      | Bought a blackened bronze wand for 92 gold pieces
  5375 | D:7      | Noticed a seven-headed hydra
  5381 | D:7      | HP: 4/93 [eight-headed hydra (6)]
  5382 | D:7      | Slain by an eight-headed hydra

Illustrated notes

Levels and vault maps discovered:
D:1:      doesnt_arrival_eight_statues, layout_basic
D:2:      layout_loops_ring, hellmonk_ecumenical_altar_dog_temple,
          minmay_snake_closets, uniq_crazy_yiuf_cottage
D:3:      layout_basic, grunt_temple_overflow_open, gammafunk_ghost_icy,
          uniq_jessica, uniq_terence
D:4:      dreamdust_elfheim, layout_cave_pools, marbit_many_paths,
          fedhas_altar_fruit_tree
D:5:      layout_rooms, serial_shops, nicolae_lakefront_shop,
          nicolae_shop_overcharged_wands, uniq_eustachio
D:6:      layout_basic, minmay_temple_entry_arrows, kennysheep_small_circle,
          uniq_edmund
D:7:      minmay_chambers_of_fours, layout_basic, lemuel_crystal_altar,
          kennysheep_donut, nicolae_stop_n_shop_2

Skill      XL: |  1  2  3  4  5  6  7  8  9 |
---------------+----------------------------+-----
Fighting       | 3 4 5 6 7 |  7.2
Unarmed Combat | 4 5 6 7 8 |  8.6
Throwing       | 1 3 5 |  5.0
Armour         | 2 |  2.4
Dodging        | 3 |  3.0

Action                   |  1- 3 |  4- 6 |  7- 9 || total
-------------------------+-------+-------+-------++-------
Melee: Unarmed           |    89 |   164 |   241 ||   494
       Punch             |     3 |     1 |    10 ||    14
Invok: Trog's Hand       |       |     2 |     1 ||     3
  Use: Scroll            |       |       |     3 ||     3
 Stab: Sleeping          |     1 |     1 |       ||     2
Armor: Animal skin       |    27 |    38 |    75 ||   140
       Steam dragon scal |       |       |    23 ||    23
Dodge: Dodged            |    42 |    85 |   158 ||   285

Table legend: (Time is in decaauts)
 A = Elapsed time spent in this place.
 B = Non-inter-level travel time spent in this place.
 C = Inter-level travel time spent in this place.
 D = Time resting spent in this place.
 E = Time spent auto-exploring this place.
 F = Levels seen in this place.
 G = Mean time per level.
                   A        B        C        D        E       F      G
               +--------+--------+--------+--------+--------+-----+--------+
         Total |   5328 |   5102 |    226 |    634 |   3425 |   7 |  761.1 |
       Dungeon |   5328 |   5102 |    226 |    634 |   3425 |   7 |  761.1 |
               +--------+--------+--------+--------+--------+-----+--------+

Top non-repeatable levels by time:
     D:4: 1101 daAuts
     D:2: 1032 daAuts
     D:7: 830 daAuts
     D:3: 680 daAuts
     D:5: 653 daAuts
     D:6: 516 daAuts
     D:1: 512 daAuts
